BSA
GREENVILLE 84S @ KANSAS CITY KINGS
07/22/2026
 
TOP OF THE 1ST
Greenville 84s batting - Pitching for Kansas City Kings : RHP Carlos Pacheco
Pitching: RHP Carlos Pacheco
Batting: RHB Carlos Torres 0-0: Foul Ball, location: 2F
0-1: Fly out, F4 (Popup, 4)
Batting: LHB Chris Moore 0-0: DOUBLE (Groundball, 5L)
Batting: RHB Enzo Díaz 0-0: Called Strike
0-1: Ball
1-1: Called Strike
1-2: Foul Ball, location: 2F
1-2: Ball
2-2: Strikes out swinging
Batting: LHB Brock Larsen 0-0: Fly out, F6 (Popup, 6MD)
Top of the 1st over - 0 run(s), 1 hit(s), 0 error(s), 1 left on base; Greenville 0 - Kansas City 0
BOTTOM OF THE 1ST
Kansas City Kings batting - Pitching for Greenville 84s : LHP Eduardo Trujillo
Pitching: LHP Eduardo Trujillo
Batting: RHB Chris Chandler 0-0: Ball
1-0: SINGLE (Line Drive, 78S)
Batting: SHB Víctor Serrano 0-0: Ball
1-0: Ball
2-0: Foul Ball, location: 2F
2-1: Ball
3-1: Base on Balls
Chris Chandler to second
Batting: RHB Dave Parker 0-0: Called Strike
0-1: Ball
1-1: Ball
2-1: Foul Ball, location: 2F
2-2: Ball
3-2: Foul Ball, location: 2F
3-2: Ground out 6-3 (Groundball, 6M)
Chris Chandler to third
Víctor Serrano to second
Batting: RHB Toshimichi Kono 0-0: Foul Ball, location: 2F
0-1: Called Strike
0-2: Foul Ball, location: 2F
0-2: Ball
1-2: Foul Ball, location: 2F
1-2: Strikes out swinging
Batting: LHB Pablo Reyes 0-0: Ball
1-0: Fly out, F8 (Flyball, 8LM)
Bottom of the 1st over - 0 run(s), 1 hit(s), 0 error(s), 2 left on base; Greenville 0 - Kansas City 0
TOP OF THE 2ND
Greenville 84s batting - Pitching for Kansas City Kings : RHP Carlos Pacheco
Batting: LHB Jimmy Vickers 0-0: Ball
1-0: Ball
2-0: SINGLE (Groundball, 56D)
Batting: LHB Kiyonaga Morita 0-0: Ball
1-0: Swinging Strike
1-1: Called Strike
1-2: Strikes out swinging
Batting: LHB José Costa 0-0: Swinging Strike
0-1: Ball
1-1: Fly out, F7 (Flyball, 7M)
Batting: RHB Vic Langlois 0-0: Called Strike
0-1: Ball
1-1: Foul Ball, location: 2F
1-2: Ball
2-2: Foul Ball, location: 2F
2-2: Strikes out swinging
Top of the 2nd over - 0 run(s), 1 hit(s), 0 error(s), 1 left on base; Greenville 0 - Kansas City 0
BOTTOM OF THE 2ND
Kansas City Kings batting - Pitching for Greenville 84s : LHP Eduardo Trujillo
Batting: LHB Ray Spencer 0-0: Called Strike
0-1: Called Strike
0-2: Foul Ball, location: 2F
0-2: Strikes out swinging
Batting: LHB Brian Boone 0-0: Called Strike
0-1: Swinging Strike
0-2: Foul Ball, location: 2F
0-2: Ball
1-2: Ball
2-2: Strikes out swinging, 2-3 out at first.
Batting: RHB Matt Richards 0-0: Ball
1-0: Fly out, F2 (Popup, 23F)
Bottom of the 2nd over - 0 run(s), 0 hit(s), 0 error(s), 0 left on base; Greenville 0 - Kansas City 0
TOP OF THE 3RD
Greenville 84s batting - Pitching for Kansas City Kings : RHP Carlos Pacheco
Batting: RHB Sugita Ito 0-0: Ball
1-0: Ground out 4-3 (Groundball, 4)
Batting: RHB Carlos Torres 0-0: Foul Ball, location: 2F
0-1: Ball
1-1: Ball
2-1: Ball
3-1: Fly out, F9 (Flyball, 9D)
Batting: LHB Chris Moore 0-0: Called Strike
0-1: Ball
1-1: Foul Ball, location: 2F
1-2: Ball
2-2: Ball
3-2: Base on Balls
Batting: RHB Enzo Díaz 0-0: Swinging Strike
0-1: Swinging Strike
0-2: Ground out 1-3 (Groundball, 13)
Top of the 3rd over - 0 run(s), 0 hit(s), 0 error(s), 1 left on base; Greenville 0 - Kansas City 0
BOTTOM OF THE 3RD
Kansas City Kings batting - Pitching for Greenville 84s : LHP Eduardo Trujillo
Batting: SHB Orlando Aguilar 0-0: Ball
1-0: Called Strike
1-1: Swinging Strike
1-2: Ground out 6-3 (Groundball, 6)
Batting: RHB Chris Chandler 0-0: Ball
1-0: Foul Ball, location: 2F
1-1: Foul Ball, location: 2F
1-2: Foul Ball, location: 2F
1-2: Foul Ball, location: 2F
1-2: Ball
2-2: SINGLE (Groundball, 6MD)
Batting: SHB Víctor Serrano 0-0: Ball
1-0: Called Strike
1-1: SINGLE (Groundball, 56D)
Chris Chandler to second
Batting: RHB Dave Parker 0-0: Ball
Chris Chandler steals 3rd base
Víctor Serrano to second
1-0: Ball
2-0: Ball
3-0: Called Strike
3-1: Swinging Strike
3-2: Base on Balls
Batting: RHB Toshimichi Kono 0-0: Ball
1-0: Called Strike
1-1: SINGLE (Groundball, 56D)
Chris Chandler scores
Víctor Serrano to third
Dave Parker to second
Batting: LHB Pablo Reyes 0-0: Called Strike
0-1: Fly out, F9 (Flyball, 9D)
Runner from 3rd tags up, SCORES, no throw
Batting: LHB Ray Spencer 0-0: Foul Ball, location: 2F
0-1: Ground out 1-3 (Groundball, 13S)
Bottom of the 3rd over - 2 run(s), 3 hit(s), 0 error(s), 2 left on base; Greenville 0 - Kansas City 2
TOP OF THE 4TH
Greenville 84s batting - Pitching for Kansas City Kings : RHP Carlos Pacheco
Batting: LHB Brock Larsen 0-0: Ball
1-0: Foul Ball, location: 2F
1-1: Ball
2-1: Swinging Strike
2-2: Strikes out swinging
Batting: LHB Jimmy Vickers 0-0: SINGLE (Groundball, 34S)
Batting: LHB Kiyonaga Morita 0-0: Foul Ball, location: 2F
0-1: Foul Ball, location: 2F
0-2: Strikes out looking
Batting: LHB José Costa 0-0: Ball
1-0: Called Strike
1-1: Ball
2-1: Ball
3-1: Fly out, F5 (Popup, 5)
Top of the 4th over - 0 run(s), 1 hit(s), 0 error(s), 1 left on base; Greenville 0 - Kansas City 2
BOTTOM OF THE 4TH
Kansas City Kings batting - Pitching for Greenville 84s : LHP Eduardo Trujillo
Batting: LHB Brian Boone 0-0: Called Strike
0-1: Ground out 6-3 (Groundball, 6)
Batting: RHB Matt Richards 0-0: Ball
1-0: Fly out, F8 (Popup, 8RS)
Batting: SHB Orlando Aguilar 0-0: Ball
1-0: Ball
2-0: Ball
3-0: Foul Ball, location: 2F
3-1: Fly out, F8 (Flyball, 8RM)
Bottom of the 4th over - 0 run(s), 0 hit(s), 0 error(s), 0 left on base; Greenville 0 - Kansas City 2
TOP OF THE 5TH
Greenville 84s batting - Pitching for Kansas City Kings : RHP Carlos Pacheco
Batting: RHB Vic Langlois 0-0: Foul Ball, location: 2F
0-1: Fly out, F6 (Line Drive, 6M)
Batting: RHB Sugita Ito 0-0: Ball
1-0: Swinging Strike
1-1: Ball
2-1: Fly out, F8 (Flyball, 8RD)
Batting: RHB Carlos Torres 0-0: Called Strike
0-1: Foul Ball, location: 2F
0-2: Ball
1-2: Ball
2-2: Foul Ball, location: 2F
2-2: Ball
3-2: Base on Balls
Batting: LHB Chris Moore 0-0: Ball
1-0: Foul Ball, location: 2F
1-1: Called Strike
1-2: Ball
2-2: SINGLE (Line Drive, 78M)
Carlos Torres to second
Carlos Torres to third
Batting: RHB Enzo Díaz 0-0: Called Strike
0-1: Ball
1-1: Called Strike
1-2: Ball
2-2: Fly out, F8 (Flyball, 89M)
Top of the 5th over - 0 run(s), 1 hit(s), 0 error(s), 2 left on base; Greenville 0 - Kansas City 2
BOTTOM OF THE 5TH
Kansas City Kings batting - Pitching for Greenville 84s : LHP Eduardo Trujillo
Batting: RHB Chris Chandler 0-0: Called Strike
0-1: Called Strike
0-2: SINGLE (Line Drive, 56D)
Batting: SHB Víctor Serrano 0-0: Called Strike
0-1: Swinging Strike
0-2: Ball
1-2: Ball
2-2: Strikes out looking
Batting: RHB Dave Parker 0-0: Ball
1-0: Called Strike
Chris Chandler steals 2nd base
1-1: Called Strike
1-2: Strikes out swinging
Batting: RHB Toshimichi Kono 0-0: Ball
1-0: Swinging Strike
1-1: Fly out, F6 (Popup, 6MS)
Bottom of the 5th over - 0 run(s), 1 hit(s), 0 error(s), 1 left on base; Greenville 0 - Kansas City 2
TOP OF THE 6TH
Greenville 84s batting - Pitching for Kansas City Kings : RHP Carlos Pacheco
Batting: LHB Brock Larsen 0-0: Ball
1-0: Foul Ball, location: 2F
1-1: Ball
2-1: Swinging Strike
2-2: Foul Ball, location: 2F
2-2: Ground out 4-3 (Groundball, 4)
Batting: LHB Jimmy Vickers 0-0: Foul Ball, location: 2F
0-1: Foul Ball, location: 2F
0-2: Fly out, F7 (Flyball, 78S)
Batting: LHB Kiyonaga Morita 0-0: Ball
1-0: Ball
2-0: Ball
3-0: Base on Balls
Batting: LHB José Costa 0-0: Ball
1-0: Swinging Strike
1-1: Fly out, F3 (Line Drive, 3)
Top of the 6th over - 0 run(s), 0 hit(s), 0 error(s), 1 left on base; Greenville 0 - Kansas City 2
BOTTOM OF THE 6TH
Kansas City Kings batting - Pitching for Greenville 84s : LHP Eduardo Trujillo
Pitching: LHP Manuel Herrera
Batting: LHB Pablo Reyes 0-0: Called Strike
0-1: Foul Ball, location: 2F
0-2: Ball
1-2: Foul Ball, location: 2F
1-2: Ball
2-2: Strikes out swinging
Batting: LHB Ray Spencer 0-0: Called Strike
0-1: Ball
1-1: Ball
2-1: Foul Ball, location: 2F
2-2: Foul Ball, location: 2F
2-2: Strikes out swinging
Batting: LHB Brian Boone 0-0: Ground out U3 (Groundball, 3)
Bottom of the 6th over - 0 run(s), 0 hit(s), 0 error(s), 0 left on base; Greenville 0 - Kansas City 2
TOP OF THE 7TH
Greenville 84s batting - Pitching for Kansas City Kings : RHP Mike Hodges
Pitching: RHP Mike Hodges
Batting: RHB Vic Langlois 0-0: Swinging Strike
0-1: Ball
1-1: Foul Ball, location: 2F
1-2: Strikes out swinging, 2-3 out at first.
Batting: RHB Sugita Ito 0-0: Called Strike
0-1: Ball
1-1: Called Strike
1-2: Ball
2-2: Ball
3-2: SINGLE (Groundball, 6MD)
Batting: RHB Carlos Torres 0-0: Called Strike
0-1: Ball
1-1: Called Strike
1-2: Foul Ball, location: 2F
1-2: Ball
2-2: Grounds into double play, 6-4-3 (Groundball, 6)
Top of the 7th over - 0 run(s), 1 hit(s), 0 error(s), 0 left on base; Greenville 0 - Kansas City 2
BOTTOM OF THE 7TH
Kansas City Kings batting - Pitching for Greenville 84s : LHP Manuel Herrera
Batting: RHB Matt Richards 0-0: Foul Ball, location: 2F
0-1: Ball
1-1: SINGLE (Groundball, 5D)
Batting: SHB Orlando Aguilar 0-0: Swinging Strike
0-1: Foul Ball, location: 2F
0-2: Strikes out swinging
Batting: RHB Chris Chandler 0-0: Called Strike
0-1: Called Strike
0-2: Strikes out swinging
Batting: SHB Víctor Serrano 0-0: Called Strike
0-1: Ball
1-1: Swinging Strike
1-2: Ball
2-2: 2-RUN HOME RUN (Line Drive, 7D), Distance : 371 ft
Batting: RHB Dave Parker 0-0: DOUBLE (Line Drive, 7LS)
Batting: RHB Toshimichi Kono 0-0: Ball
1-0: Called Strike
1-1: Fly out, F4 (Popup, 34)
Bottom of the 7th over - 2 run(s), 3 hit(s), 0 error(s), 1 left on base; Greenville 0 - Kansas City 4
TOP OF THE 8TH
Greenville 84s batting - Pitching for Kansas City Kings : RHP Mike Hodges
Batting: LHB Chris Moore 0-0: Called Strike
0-1: Fly out, F5 (Line Drive, 5)
Batting: RHB Enzo Díaz 0-0: Called Strike
0-1: Ball
1-1: Ball
2-1: Foul Ball, location: 2F
2-2: Foul Ball, location: 2F
2-2: Foul Ball, location: 2F
2-2: Ball
3-2: Foul Ball, location: 2F
3-2: SINGLE (Groundball, 6M)
Batting: LHB Brock Larsen 0-0: Ball
1-0: Foul Ball, location: 2F
1-1: Ball
2-1: Ball
3-1: Base on Balls
Enzo Díaz to second
Pitching: RHP Tommy Smith
Batting: LHB Jimmy Vickers 0-0: Called Strike
0-1: Ball
1-1: SINGLE (Line Drive, 7S)
Enzo Díaz to third
Brock Larsen to second
Pitching: RHP Ray Watkins
Batting: LHB Kiyonaga Morita 0-0: DOUBLE (Line Drive, 89D)
Enzo Díaz scores
Brock Larsen scores
Jimmy Vickers to third
Runner from 3rd tries for Home, SAFE, throw made home
Pitching: LHP Víctor Soto
Batting: LHB José Costa 0-0: Called Strike
0-1: Called Strike
0-2: Strikes out swinging
Pitching: RHP Tom McConnell
Batting: RHB Vic Langlois 0-0: Called Strike
0-1: Ball
1-1: Foul Ball, location: 2F
1-2: Foul Ball, location: 2F
1-2: Strikes out looking
Top of the 8th over - 3 run(s), 3 hit(s), 0 error(s), 1 left on base; Greenville 3 - Kansas City 4
BOTTOM OF THE 8TH
Kansas City Kings batting - Pitching for Greenville 84s : LHP Manuel Herrera
Batting: LHB Pablo Reyes 0-0: Called Strike
0-1: Swinging Strike
0-2: Ball
1-2: Ball
2-2: SINGLE (Groundball, 6MD)
Batting: LHB Ray Spencer 0-0: TRIPLE (Flyball, 89D)
Pablo Reyes scores
Pitching: RHP Pierre Deschênes
Batting: LHB Brian Boone 0-0: Intentional Walk
Pinch Hitting: RHB Ron James 0-0: Ball
1-0: Ball
2-0: Ball
3-0: Base on Balls
Brian Boone to second
Batting: SHB Orlando Aguilar 0-0: Ball
1-0: Foul Ball, location: 2F
1-1: Foul Ball, location: 2F
1-2: Strikes out swinging
Batting: RHB Chris Chandler 0-0: Ball
1-0: Ball
2-0: Foul Ball, location: 2F
2-1: Foul Ball, location: 2F
2-2: Foul Ball, location: 2F
2-2: Ball
3-2: Foul Ball, location: 2F
3-2: Strikes out swinging
Batting: SHB Víctor Serrano 0-0: Called Strike
0-1: Ball
1-1: Ball
2-1: Ball
3-1: Foul Ball, location: 2F
3-2: Foul Ball, location: 2F
3-2: Base on Balls
Ray Spencer scores
Brian Boone to third
Ron James to second
Pitching: RHP Dave Johnston
Batting: RHB Dave Parker 0-0: Foul Ball, location: 2F
0-1: Ball
1-1: Ball
2-1: Foul Ball, location: 2F
2-2: Ball
3-2: Foul Ball, location: 2F
3-2: Base on Balls
Brian Boone scores
Ron James to third
Víctor Serrano to second
Batting: RHB Toshimichi Kono 0-0: Ball
1-0: Called Strike
1-1: Foul Ball, location: 2F
1-2: Strikes out swinging
Bottom of the 8th over - 3 run(s), 2 hit(s), 0 error(s), 3 left on base; Greenville 3 - Kansas City 7
TOP OF THE 9TH
Greenville 84s batting - Pitching for Kansas City Kings : RHP Tom McConnell
Now at SS: Mario Franco
Batting: RHB Sugita Ito 0-0: Ball
1-0: Ball
2-0: Ball
3-0: Base on Balls
Batting: RHB Carlos Torres 0-0: Ball
1-0: Ball
2-0: Ball
3-0: Base on Balls
Sugita Ito to second
Pitching: RHP Alonso Jiménez
Batting: LHB Chris Moore 0-0: Called Strike
0-1: Ball
1-1: Ball
2-1: Called Strike
2-2: Ball
3-2: Base on Balls
Sugita Ito to third
Carlos Torres to second
Batting: RHB Enzo Díaz 0-0: Foul Ball, location: 2F
0-1: Called Strike
0-2: Ball
1-2: Ball
2-2: SINGLE (Line Drive, 4D)
Sugita Ito scores
Carlos Torres to third
Chris Moore to second
Runner from 3rd tries for Home, SAFE, no throw or cutoff
Batting: LHB Brock Larsen 0-0: Called Strike
0-1: Called Strike
0-2: 3-RUN HOME RUN (Flyball, 8RXD), Distance : 411 ft
Pitching: RHP Norman White
Batting: LHB Jimmy Vickers 0-0: Ball
1-0: Foul Ball, location: 2F
1-1: Fly out, F7 (Flyball, 7D)
Batting: LHB Kiyonaga Morita 0-0: Ball
1-0: Ground out 6-3 (Groundball, 6)
Batting: LHB José Costa 0-0: Ball
1-0: Ball
2-0: Called Strike
2-1: Swinging Strike
2-2: Strikes out looking
Top of the 9th over - 5 run(s), 2 hit(s), 0 error(s), 0 left on base; Greenville 8 - Kansas City 7
BOTTOM OF THE 9TH
Kansas City Kings batting - Pitching for Greenville 84s : RHP Dave Johnston
Pitching: LHP Francisco Ríos
Now in RF: Gilberto Guzmán
Batting: LHB Pablo Reyes 0-0: Called Strike
0-1: Ball
1-1: DOUBLE (Flyball, 7LM)
Batting: LHB Ray Spencer 0-0: Called Strike
0-1: Ball
1-1: Swinging Strike
1-2: Ball
2-2: Strikes out swinging
Batting: LHB Brian Boone 0-0: Swinging Strike
0-1: Swinging Strike
0-2: Strikes out swinging
Batting: RHB Mario Franco 0-0: Called Strike
0-1: Ball
1-1: Foul Ball, location: 2F
1-2: Ball
2-2: Strikes out swinging
Bottom of the 9th over - 0 run(s), 1 hit(s), 0 error(s), 1 left on base; Greenville 8 - Kansas City 7
Monday, December 5th, 2016 - OOTP Baseball 17.12 Build 75